 Dungeon Crawl Stone Soup version 0.31-a0-496-g6f97920a28 (webtiles) character file.

Game seed: 12869607135347425083

43 randomguy2701 the Stinger (level 3, -5/21 HPs)
             Began as an Octopode Venom Mage on Aug 8, 2023.
             Was a Follower of Sif Muna.
             Slain by Terence
             ... wielding a +2 vampiric hand axe
              (9 damage)
             ... on level 2 of the Dungeon.
             The game lasted 00:01:38 (959 turns).

randomguy2701 the Stinger (Octopode Venom Mage)      Turns: 959, Time: 00:01:39

Health: -5/21      AC:  1    Str:  7    XL:     3   Next: 58%
Magic:  0/6        EV: 13    Int: 19    God:    Sif Muna [*.....]
Gold:   27         SH:  0    Dex: 12    Spells: 6/7 levels left

rFire   . . .        (no weapon)
rCold   . . .        (no shield)
rNeg    . . .        (helmet restricted)
rPois   .            (no amulet)
rElec   .            (no ring)
rCorr   .            (no ring)
SInv    .            (no ring)
Will    .....        (no ring)
Stlth   +++          (no ring)
HPRegen 0.23/turn    (no ring)
MPRegen 0.10/turn    (no ring)
                     (no ring)

%: no passive effects
@: no status effects
A: almost no armour, amphibious, 8 rings, camouflage 1, gelatinous body 1,
(nimble swimmer 1), tentacles
a: Renounce Religion, Channel Magic


You were on level 2 of the Dungeon.
You worshipped Sif Muna.
Sif Muna was aware of your devotion.
You visited 1 branch of the dungeon, and saw 2 of its levels.

You collected 27 gold pieces.

Inventory:

Scrolls
 b - a scroll of teleportation {unknown}
 c - 2 scrolls of identify {unknown}
 d - a scroll of torment {unknown}
 e - a scroll of poison {unknown}
 g - a scroll of immolation {unknown}
 h - a scroll of amnesia {unknown}
Potions
 a - a potion of magic
 f - a potion of ambrosia {unknown}


   Skills:
 + Level 2.2 Dodging
 + Level 3.0 Stealth
 + Level 2.6 Spellcasting
 + Level 1.7 Transmutations
 + Level 4.0 Poison Magic


You had 6 spell levels left.
You knew the following spells:

 Your Spells              Type           Power      Damage    Failure   Level
a - Sting                 Tmut/Pois      52%        1d5       4%          1

Your spell library contained the following spells:

 Spells                   Type           Power      Damage    Failure   Level
 Poisonous Vapours        Pois/Air       20%        N/A       11%         2
 Shock                    Conj/Air       8%         1d3       16%         1
 Mephitic Cloud           Conj/Pois/Air  7%         N/A       26%         3
 Olgreb's Toxic Radiance  Pois           18%        N/A       30%         4
 Swiftness                Air            2%         N/A       43%         3
 Airstrike                Air            1%         2d(1-17)  85%         4


Dungeon Overview and Level Annotations

Branches:
Dungeon (2/15)

Altars:
Sif Muna

Annotations:
D:2 Terence


Innate Abilities, Weirdness & Mutations

You cannot wear most types of armour.
You are amphibious.
You can wear up to eight rings at the same time.
Your skin changes colour to match your surroundings (Stealth+).
Your rubbery body absorbs attacks. (AC +1, EV +1)
((You are camouflaged when in or above water. (Stealth+)))
You have tentacles for arms and can constrict up to eight enemies at once.


Message History

You can't see any susceptible monsters within range! (Use Z to cast anyway.)
The sting hits the quokka.
The quokka is poisoned.
The quokka is moderately wounded.
Terence shouts!
You hear an angry hiss.
The sting hits the quokka.
The quokka looks even sicker.
The quokka is severely wounded.
The quokka bites you.
You kill the quokka!
Sif Muna accepts your kill.
The sting hits Terence but does no damage.
Terence is poisoned.
The sting hits Terence but does no damage.
Terence looks even sicker.
The sting misses Terence.
Terence completely misses you.
The sting misses Terence.
Terence hits you with a +2 vampiric hand axe!
You miscast Sting.
You are very lightly contaminated with residual magic.
Nothing appears to happen.
Terence hits you with a +2 vampiric hand axe!
* * * LOW HITPOINT WARNING * * *
Terence shouts, "Get ready for death!"
Terence attacks as you move away!
Terence hits you with a +2 vampiric hand axe.
* * * LOW HITPOINT WARNING * * *
Terence draws strength from your wounds!
Your magical contamination has completely faded away.
Terence looks more healthy.
Casting: Sting (safe; 4% risk of failure)
Confirm with . or Enter, or press ? or * to list all spells.
Aiming: Sting (safe; 4% risk of failure)
Press: ? - help, Shift-Dir - straight line, f/p - Terence
Aim: Terence, wielding a +2 vampiric hand axe and wearing a +0 chain mail (heavily wounded, 79% to hit)
The sting hits Terence but does no damage.
Terence is poisoned.
Terence is heavily wounded.
Terence completely misses you. Terence attacks as you move away!
Terence hits you with a +2 vampiric hand axe!
You die...

# #.......# #
#.#####.# # ######.#
#.# ###...##.#####.###
.......(.........#
###...##.#####.#.# #
#####...## #.#.# #
#.....###.#.# #
##........#@#####
##### ##.#######.@...#
....# #.# #####.#
###.# #.# #.# # #.#
##+## #.# # #.###...##
#.# ###.##.....##
###.# ....#..<....##
##.#.#
####.........####....#


You could see Terence (poisoned).

Vanquished Creatures
  2 adders (D:2)
  2 dart slugs (D:1)
  3 endoplasms (D:1)
  A giant cockroach (D:1)
  2 goblins (D:1)
  4 hobgoblins
  A kobold (D:1)
  A quokka (D:2)
  2 ball pythons (D:1)
  A bat (D:1)
  2 rats (D:1)
21 creatures vanquished.

Notes
Turn   | Place    | Note
-------+----------+-------------------------------------------
     0 | D:1      | randomguy2701 the Octopode Venom Mage began the quest for
                  | the Orb.
     0 | D:1      | Reached XP level 1. HP: 11/11 MP: 3/3
   177 | D:1      | Reached skill level 4 in Poison Magic
   177 | D:1      | Reached XP level 2. HP: 17/17 MP: 1/5
   383 | D:1      | Found a faded altar of an unknown god.
   751 | D:1      | Prayed at the altar of an unknown god.
   751 | D:1      | Became a worshipper of Sif Muna the Loreminder
   751 | D:1      | Reached * piety under Sif Muna
   778 | D:2      | Reached XP level 3. HP: 21/21 MP: 2/6
   934 | D:2      | Noticed Terence
   959 | D:2      | Slain by Terence

Illustrated notes

Levels and vault maps discovered:
D:1:      enne_arrival_octagon_isle, layout_rooms, serial_aquarium,
          aquarium_bridge_island_small [aquarium_subvault_small_open,
          aquarium_subvault_bridge, aquarium_subvault_bridge,
          aquarium_subvault_window, aquarium_subvault_bridge],
          aquarium_window_corner, aquarium_window_2, aquarium_window_fake,
          aquarium_window_1, aquarium_view_2e, aquarium_view_2c,
          dreamdust_ecumenical_altar_angels_and_demons
D:2:      layout_loops_corners, minmay_split_cup_large, uniq_crazy_yiuf_cottage,
          uniq_terence, uniq_natasha

Skill      XL: |  1  2 |
---------------+-------+-----
Poison Magic   | 4 |  4.0
Stealth        | 3 |  3.0
Dodging        | |  2.2
Spellcasting   | |  2.6
Transmutations | |  1.7

Action                     || total
---------------------------++-------
  Melee: Unarmed           ||    14
         Tentacles         ||     6
         Constrict         ||     3
   Cast: Sting             ||    42
  Dodge: Dodged            ||     6

Table legend: (Time is in decaauts)
 A = Elapsed time spent in this place.
 B = Non-inter-level travel time spent in this place.
 C = Inter-level travel time spent in this place.
 D = Time resting spent in this place.
 E = Time spent auto-exploring this place.
 F = Levels seen in this place.
 G = Mean time per level.
                   A        B        C        D        E       F      G
               +--------+--------+--------+--------+--------+-----+--------+
         Total |    958 |    924 |     34 |      0 |    771 |   2 |  479.0 |
       Dungeon |    958 |    924 |     34 |      0 |    771 |   2 |  479.0 |
               +--------+--------+--------+--------+--------+-----+--------+

Top non-repeatable levels by time:
     D:1: 767 daAuts
     D:2: 191 daAuts
